 Dungeon Crawl Stone Soup version 0.31-a0-236-g9a0961fb85 (webtiles) character file.

Game seed: 9696046289389417247

3408 Shard1697 the Cleaver (level 10, -12/93 HPs)
             Began as a Meteoran Berserker on July 11, 2023.
             Was a Priest of Trog.
             Mangled by an ogre
             ... wielding a +0 giant spiked club
              (24 damage)
             ... on level 8 of the Dungeon.
             The game lasted 00:12:11 (2982 turns).

Shard1697 the Cleaver (Meteoran Berserker)          Turns: 2982, Time: 00:12:12

Health: -12/93     AC: 15    Str: 22    XL:     10   Next: 48%
Magic:  11/11      EV:  6    Int: 10    God:    Trog [***...]
Gold:   340        SH:  5    Dex: 14    Spells: 9/9 levels left

rFire   . . .        a - +0 hand axe (venom)
rCold   . . .        l - +2 buckler
rNeg    . . .        e - +0 plate armour
rPois   .            (no helmet)
rElec   .            (no cloak)
rCorr   .            u - +0 pair of gloves
SInv    .            g - +2 pair of boots
Will    +++..        (no amulet) Stlth
                     (no ring)
HPRegen 1.35/turn    (no ring)
MPRegen 0.12/turn

%: no passive effects
@: strong-willed, on berserk cooldown, regenerating, hasted, glowing, very quick
A: sense surroundings 2, otherworldly, glowing, explore regen
a: Renounce Religion, Berserk, Trog's Hand


You were on level 8 of the Dungeon.
You worshipped Trog.
Trog was most pleased with you.
You visited 1 branch of the dungeon, and saw 8 of its levels.

You collected 340 gold pieces.

Inventory:

Hand Weapons
 a - a +0 hand axe of venom (weapon)
 b - a +0 morningstar
Armour
 e - a +0 plate armour (worn)
 g - a +2 pair of boots (worn)
 l - a +2 buckler (worn)
 u - a +0 pair of gloves (worn)
Wands
 c - a wand of flame (16)
 x - a wand of charming (11)
 y - a wand of roots (21)
 B - a wand of mindburst (8)
Scrolls
 i - 3 scrolls of teleportation
 j - a scroll of fog
 k - a scroll of acquirement {unknown}
 n - 3 scrolls of enchant weapon {unknown}
 o - a scroll of immolation
 r - a scroll of poison {unknown}
 w - 4 scrolls of noise {unknown}
 A - a scroll of vulnerability {unknown}
 D - a scroll of torment {unknown}
Potions
 d - 2 potions of haste
 f - a potion of magic
 h - a potion of ambrosia {unknown}
 m - a potion of enlightenment
 p - a potion of lignification
 q - a potion of brilliance
 s - a potion of mutation
 t - a potion of cancellation {unknown}
 v - 2 potions of degeneration {unknown}
 z - a potion of invisibility {unknown}
 C - 2 potions of berserk rage {unknown}
 E - a potion of curing {unknown}


   Skills:
 * Level 9.9 Fighting
 * Level 12.4 Axes
 - Level 2.4 Armour
 - Level 2.4 Dodging
 + Level 5.3 Evocations


You had 9 spell levels left.
You didn't know any spells.
Your spell library was empty.

Dungeon Overview and Level Annotations

Branches:
Dungeon (8/15) Zot: 1814     Lair (0/5) D:8
 Temple: D:4-7

Altars:
Fedhas
Okawaru
Yredelemnul


Innate Abilities, Weirdness & Mutations

You passively map the area around you.
You are easily found by Zot.
You glow in the dark.
You regain HP and MP as you explore.


Message History

Trog accepts your kill.
You barely miss the orc warrior. You hit the orc.
The orc is poisoned.
You barely miss the orc. You slash the orc priest!
You kill the orc priest!
Trog accepts your kill.
You closely miss the orc. You hit the orc but do no damage.
The orc is poisoned.
You closely miss the ogre.
You hit the orc warrior but do no damage.
The orc warrior is poisoned.
You hit the orc warrior.
The orc warrior is poisoned.
You hit the orc but do no damage. The orc hits you but does no damage.
The orc warrior hits you from afar with a +0 glaive.
The orc hits you with a +0 flail! The orc hits you but does no damage.
The ogre hits you with a +0 giant spiked club!!
* * * LOW HITPOINT WARNING * * *
You block the orc warrior's attack.
Okay, then.
You feel yourself speed up. The orc hits you with a +0 war axe.
* * * LOW HITPOINT WARNING * * *
The orc warrior hits you but does no damage.
You block the orc's attack.
The orc warrior hits you from afar with a +0 glaive!
* * * LOW HITPOINT WARNING * * *
You block the orc's attack. The orc barely misses you.
The orc hits you but does no damage.
The orc warrior hits you with a +0 trident.
* * * LOW HITPOINT WARNING * * *
The orc hits you but does no damage.
Okay, then.
You hit the orc.
The orc is poisoned.
The orc is heavily wounded.
You slash the orc warrior!
The orc warrior looks as sick as possible!
You hit the orc but do no damage. You closely miss the orc warrior.
You barely miss the orc. x2; You hit the orc but do no damage.
The orc looks as sick as possible!
You hit the ogre.
The ogre looks as sick as possible!
The ogre hits you with a +0 giant spiked club!!
You die...

*
.Y....##
, ,
..... #
## ,
P... #
#. ,, ,
P.. #
##.####
.. *#
#..o..#
. , *#
#..ooo#
, , , #


#ooOoo# ** # #oo@oo# * * # #ooooo# # #.oooo# # #.$o$.# # ####### # # # # You
could see 3 orc warriors, an ogre (extremely poisoned) and 19 orcs.

Vanquished Creatures
  Joseph (D:7)
  A hornet (D:7)
  Sigmund (D:6)
  3 wyverns
  A yak (D:8)
  An acid dragon (D:8)
  A water moccasin (D:8)
  Duvessa (D:4)
  An ice beast (D:8)
  An orc warrior (D:7)
  3 sky beasts
  An ogre (D:3)
  4 centaurs
  2 bullfrogs (D:7)
  2 scorpions
  Dowan (D:4)
  4 jellies
  3 hounds
  3 orc priests
  Ijyb (D:4)
  2 sleepcaps
  2 iguanas
  An orc wizard (D:7)
  10 gnolls
  5 adders
  A white imp (D:7)
  2 dart slugs (D:1)
  14 orcs
  7 endoplasms
  3 giant cockroaches
  7 goblins
  6 hobgoblins
  4 jackals (D:2)
  2 kobolds
  4 quokkas
  4 ball pythons
  3 bats
  A frilled lizard (D:3)
  5 rats
119 creatures vanquished.

Notes
Turn   | Place    | Note
-------+----------+-------------------------------------------
     0 | D:1      | Shard1697 the Meteoran Berserker began the quest for the
                  | Orb.
     0 | D:1      | Reached XP level 1. HP: 19/19 MP: 2/2
    63 | D:1      | Reached skill level 4 in Axes
    63 | D:1      | Reached XP level 2. HP: 17/26 MP: 3/3
   170 | D:1      | Reached XP level 3. HP: 30/31 MP: 4/4
   187 | D:1      | Found a faded altar of an unknown god.
   399 | D:2      | Reached skill level 5 in Axes
   453 | D:2      | Reached ** piety under Trog
   586 | D:2      | Reached XP level 4. HP: 38/38 MP: 5/5
   701 | D:2      | You fall into a shaft and drop 2 floors!
   970 | D:3      | Reached skill level 6 in Axes
  1012 | D:3      | Reached XP level 5. HP: 45/45 MP: 6/6
  1054 | D:3      | Noticed an ogre
  1060 | D:3      | Killed an ogre
  1061 | D:3      | Reached skill level 7 in Axes
  1061 | D:3      | Reached XP level 6. HP: 51/51 MP: 7/7
  1074 | D:3      | Found a basalt altar of Yredelemnul.
  1103 | D:3      | Found a blossoming altar of Fedhas.
  1130 | D:4      | Noticed Ijyb
  1143 | D:4      | Killed Ijyb
  1147 | D:4      | Noticed Dowan
  1248 | D:4      | Noticed Duvessa
  1258 | D:4      | Killed Duvessa
  1259 | D:4      | Reached skill level 8 in Axes
  1259 | D:4      | Reached XP level 7. HP: 55/59 MP: 8/8
  1322 | D:4      | Killed Dowan
  1346 | D:4      | Reached *** piety under Trog
  1535 | D:4      | Found an iron altar of Okawaru.
  1577 | D:4      | Reached skill level 5 in Fighting
  1656 | D:5      | Entered Level 5 of the Dungeon
  1846 | D:5      | Reached XP level 8. HP: 69/69 MP: 9/9
  1880 | D:5      | Reached skill level 9 in Axes
  2049 | D:6      | Noticed a wyvern
  2055 | D:6      | Killed a wyvern
  2291 | D:6      | Reached skill level 10 in Axes
  2310 | D:6      | Reached skill level 1 in Evocations
  2310 | D:6      | Gained mutation: You passively map the area around you.
                  | [Meteoran growth]
  2310 | D:6      | Reached XP level 9. HP: 79/79 MP: 10/10
  2350 | D:6      | Noticed Sigmund
  2365 | D:6      | Killed Sigmund
  2451 | D:7      | Noticed Joseph
  2465 | D:7      | Killed Joseph
  2466 | D:7      | Reached skill level 11 in Axes
  2700 | D:7      | Noticed a hornet
  2707 | D:7      | Killed a hornet
  2708 | D:7      | Reached XP level 10. HP: 40/90 MP: 11/11
  2843 | D:8      | Reached skill level 12 in Axes
  2941 | D:8      | Reached skill level 5 in Evocations
  2982 | D:8      | Mangled by an ogre

Illustrated notes

Levels and vault maps discovered:
D:1:      tarquinn_simple_flora_water_a, layout_basic,
          nicolae_ecumenical_snake_handling
D:2:      layout_rooms
D:3:      layout_basic, grunt_temple_overflow_open
D:4:      layout_loops_ring, hellmonk_okawaru_the_only_friend_you_need,
          lemuel_temple_firewalk_b, uniq_ijyb, uniq_duvessa
D:5:      layout_basic, grunt_temple_overflow_diamond
D:6:      layout_loops_ring, nicolae_concentric_dashed_squares_wild,
          uniq_sigmund
D:7:      layout_loops_cross, uniq_joseph
D:8:      layout_basic, nzn_wu_jian_council_hall, minmay_lair_entry_grove,
          special_room [special_room_orc]

Skill      XL: |  1  2  3  4  5  6  7  8  9 10 |
---------------+-------------------------------+-----
Axes           | 4 5 6 7 8 10 11 12 | 12.4
Fighting       | 4 5 7 8 9 |  9.9
Evocations     | 1 4 5 |  5.3
Armour         | |  2.4
Dodging        | |  2.4

Action                     |  1- 3 |  4- 6 |  7- 9 | 10-12 || total
---------------------------+-------+-------+-------+-------++-------
  Melee: Hand axe          |    75 |   142 |   229 |    50 ||   496
         Punch             |     2 |       |       |       ||     2
 Invoke: Berserk           |       |     2 |     3 |     1 ||     6
         Trog's Hand       |       |       |       |     1 ||     1
    Use: Scroll            |       |     8 |     3 |       ||    11
         Potion            |       |     3 |     3 |     1 ||     7
 Armour: Animal skin       |    13 |       |       |       ||    13
         Chain mail        |     9 |    68 |     8 |       ||    85
         Plate armour      |       |       |   123 |    49 ||   172
  Dodge: Dodged            |    30 |    39 |    37 |    13 ||   119
  Block: Buckler           |       |    33 |    39 |    18 ||    90

Table legend: (Time is in decaauts)
 A = Elapsed time spent in this place.
 B = Non-inter-level travel time spent in this place.
 C = Inter-level travel time spent in this place.
 D = Time resting spent in this place.
 E = Time spent auto-exploring this place.
 F = Levels seen in this place.
 G = Mean time per level.
                   A        B        C        D        E       F      G
               +--------+--------+--------+--------+--------+-----+--------+
         Total |   2985 |   2753 |    232 |     12 |    135 |   8 |  373.1 |
       Dungeon |   2985 |   2753 |    232 |     12 |    135 |   8 |  373.1 |
               +--------+--------+--------+--------+--------+-----+--------+

Top non-repeatable levels by time:
     D:4: 472 daAuts
     D:3: 456 daAuts
     D:7: 421 daAuts
     D:1: 388 daAuts
     D:5: 382 daAuts
     D:6: 358 daAuts
     D:2: 334 daAuts
     D:8: 169 daAuts
